 Dungeon Crawl Stone Soup version 0.19-a0-1907-gcff654f (webtiles) character file.

958 JeffiDaFish the Cleaver (level 8, -3/68 HPs)
             Began as a Hill Orc Fighter on Oct 22, 2016.
             Was a Believer of Beogh.
             Slain by an ogre
             ... wielding a +0 giant club
              (12 damage)
             ... on level 4 of the Dungeon.
             The game lasted 00:10:11 (4190 turns).

JeffiDaFish the Cleaver (Hill Orc Fighter)          Turns: 4190, Time: 00:10:12

Health: -3/68      AC: 12    Str: 21      XL:     8   Next: 14%
Magic:  8/8        EV:  6    Int: 10      God:    Beogh [**....]
Gold:   200        SH: 10    Dex:  9 (10) Spells: 0 memorised, 7 levels left

rFire  . . .     SeeInvis .     k - +0 war axe
rCold  . . .     Gourm    .     j - +0 chain mail
rNeg   . . .     Faith    .     c - +0 shield
rPois  .         Spirit   .     i - +1 hat
rElec  .         Reflect  .     (no cloak)
rCorr  .         Harm     .     (no gloves)
MR     .....                    (no boots)
Stlth  ..........               (no amulet)
                                (no ring)
                                (no ring)

@: no status effects
A: molten scales 1, camouflage 1, clever 1, deterioration 1
a: Smiting, Renounce Religion


You were on level 4 of the Dungeon.
You worshipped Beogh.
Beogh was pleased with you.
You were not hungry.

You visited 1 branch of the dungeon, and saw 4 of its levels.

You collected 200 gold pieces.

Inventory:

Hand Weapons
 a - a +0 war axe
 k - a +0 war axe (weapon)
Armour
 b - a +0 scale mail
 c - a +0 shield (worn)
 i - a +1 hat (worn)
 j - a +0 chain mail (worn)
Scrolls
 e - 3 scrolls of teleportation
 g - 2 scrolls of identify
 h - 3 scrolls of remove curse
Comestibles
 d - 8 chunks of flesh
 l - 2 bread rations


   Skills:
 + Level 5.3 Fighting
 + Level 8.5 Axes
 + Level 5.4 Armour
 + Level 1.2 Dodging
 + Level 0.1 Stealth
 + Level 5.2 Shields


You had 7 spell levels left.
You didn't know any spells.

Dungeon Overview and Level Annotations

Branches:
Dungeon (4/15)
 Temple: D:4-7

Altars:
Dithmenos
Elyvilon
Gozag
Okawaru
Trog
Yredelemnul


Innate Abilities, Weirdness & Mutations

You are partially covered in molten scales. (AC +2)
Your skin changes colour to match your surroundings (Stealth+).
Your mind is acute. (Int +2)
Your body sometimes deteriorates upon taking damage.


Message History

The ogre is moderately wounded.
The gnoll hits you but does no damage. You block the ogre's attack.
There is an open door here.
There is an open door here.
The gnoll throws a throwing net.
You block the throwing net.
You see here a throwing net.
Things that are here:
a club; a throwing net
There is an open door, spattered with blood here.
Things that are here:
a whip; a glowing robe You see here a spear.
A worker ant comes into view.
The worker ant twitches its antennae in your direction.
Some of the chunks of flesh in your inventory have rotted away.
The worker ant bites you.
* * * LOW HITPOINT WARNING * * *
You closely miss the worker ant. You hit the ogre.
You block the worker ant's attack. The ogre hits you with a giant club!
You die...

.......................)........
...P................(...........
..≈≈≈≈≈≈≈≈≈≈≈≈≈≈≈≈≈≈≈....≈≈≈≈≈≈≈
..≈≈≈≈≈≈≈≈≈≈≈≈≈≈≈≈≈≈≈.)..≈≈≈≈≈≈≈
..≈≈#####≈≈≈≈≈≈≈≈≈≈≈≈..))≈≈≈≈≈≈≈
..≈≈#...#.......................
..≈≈#...#############'')'########
.P≈≈###'#..)........#....#.......
..≈≈≈.#))..)gg.O@a..'...)).......
..≈≈≈.#)#)..).......#....#.......
..≈≈≈.#.#########################
..≈≈≈.#......# .......
..≈≈≈.#...(..# .......
..≈≈≈.#.###g## ..g..
..≈≈≈.#.#....#


.gg ..≈≈≈.#.#....###'###### ..≈≈###'#....'.)†.....# You could see an ogre, a
worker ant and 2 gnolls.

Vanquished Creatures
  The ghost of someotherguy6 the Changer, an amateur NaTm (D:3)
  3 hounds (D:4)
  2 orc priests (D:4)
  Crazy Yiuf (D:3)
  4 gnoll shamans (D:4)
  A hound skeleton (D:4)
  10 adders
  22 gnolls (D:4)
  An ooze (D:4)
  5 worms
  The ghost of atlai the Skirmisher, a weakling GrFi (D:4)
  A leopard gecko (D:4)
  9 orcs
  4 bats (D:2)
  2 giant cockroaches
  4 goblins
  5 hobgoblins
  23 jackals
  2 quokkas (D:2)
  6 ball pythons (D:3)
  3 frilled lizards
  5 kobolds
  7 rats
122 creatures vanquished.

Vanquished Creatures (others)
  An orc wizard (D:4)
  An adder (D:3)
  A goblin (D:3)
  A hobgoblin (D:3)
  A bat (D:3)
  A rat (D:3)
  4 toadstools (D:1)
10 creatures vanquished.

Grand Total: 132 creatures vanquished

Notes
Turn   | Place    | Note
-------+----------+-------------------------------------------
     0 | D:1      | JeffiDaFish the Hill Orc Fighter began the quest for the Orb.
     0 | D:1      | Reached XP level 1. HP: 19/19 MP: 1/1
   183 | D:1      | Reached XP level 2. HP: 26/27 MP: 2/2
   184 | D:1      | Reached skill level 3 in Axes
   818 | D:2      | Reached XP level 3. HP: 33/33 MP: 3/3
   856 | D:2      | Found a bloodstained altar of Trog.
  1074 | D:2      | Reached skill level 4 in Axes
  1096 | D:2      | Reached XP level 4. HP: 23/40 MP: 4/4
  1257 | D:2      | Found an iron altar of Okawaru.
  1626 | D:3      | Found an opulent altar of Gozag.
  1690 | D:3      | Found a shadowy altar of Dithmenos.
  1715 | D:3      | Became a worshipper of Beogh the Brigand
  1782 | D:3      | Found a white marble altar of Elyvilon.
  1844 | D:3      | Gained mutation: You are partially covered in molten scales. (AC +2) [potion of beneficial mutation]
  1860 | D:3      | Noticed someotherguy6's ghost (amateur NaTm)
  1881 | D:3      | Killed someotherguy6's ghost
  1881 | D:3      | Reached skill level 6 in Axes
  1881 | D:3      | Reached XP level 5. HP: 29/47 MP: 5/5
  1881 | D:3      | Reached XP level 6. HP: 33/53 MP: 6/6
  1882 | D:3      | Found a basalt altar of Yredelemnul.
  2617 | D:3      | Found a runed door.
  2721 | D:3      | Noticed Crazy Yiuf
  2725 | D:3      | Killed Crazy Yiuf
  2937 | D:4      | Gained mutation: Your body sometimes deteriorates upon taking damage. [potion of mutation]
  2937 | D:4      | Gained mutation: Your mind is acute. (Int +2) [potion of mutation]
  2937 | D:4      | Gained mutation: Your skin changes colour to match your surroundings (Stealth+). [potion of mutation]
  3003 | D:4      | Reached XP level 7. HP: 58/60 MP: 7/7
  3147 | D:4      | Reached skill level 5 in Fighting
  3166 | D:4      | Reached skill level 1 in Dodging
  3175 | D:4      | Reached * piety under Beogh
  3410 | D:4      | Noticed atlai's ghost (weakling GrFi)
  3418 | D:4      | Killed atlai's ghost
  3539 | D:4      | Reached skill level 7 in Axes
  3868 | D:4      | Reached skill level 5 in Armour
  3871 | D:4      | Reached skill level 5 in Shields
  3875 | D:4      | Reached ** piety under Beogh
  3985 | D:4      | Reached skill level 8 in Axes
  4012 | D:4      | Reached XP level 8. HP: 44/68 MP: 8/8
  4190 | D:4      | Slain by an ogre

Vault maps used:
D:1:      ldierk_walled_garden_2
D:2:      lemuel_doored_altar, okawaru_metal_pillars_1_2, minivault_11,
          wad_orctagon
D:3:      kennysheep_ying_yang, grunt_dithmenos_smoke,
          nicolae_gozag_seed_capital, serial_park_tiny_1, minmay_snake_closets,
          uniq_crazy_yiuf_cottage
D:4:      lemuel_castle_with_subvaults, first_bread

Skill      XL: |  1  2  3  4  5  6  7 |
---------------+----------------------+-----
Axes           | 3 4 6 8 |  8.5
Fighting       | 4 5 |  5.3
Armour         | 4 5 |  5.4
Shields        | 4 5 |  5.2
Dodging        | 1 |  1.2
Stealth        | |  0.1

Action                   |  1- 3 |  4- 6 |  7- 9 || total
-------------------------+-------+-------+-------++-------
Melee: War axe           |   129 |   164 |   193 ||   486
Invok: Convert to Beogh  |       |     1 |       ||     1
  Use: Scroll            |     5 |     1 |       ||     6
       Potion            |     2 |     5 |     2 ||     9
  Eat: Chunk             |     1 |     2 |     1 ||     4
       Bread ration      |       |     1 |     1 ||     2
Armor: Scale mail        |    52 |    75 |       ||   127
       Chain mail        |       |       |    91 ||    91
Dodge: Dodged            |    42 |    46 |    45 ||   133
Block: Shield            |    57 |   109 |   104 ||   270
